 Dungeon Crawl Stone Soup version 0.28-a0-556-gab23d0e057 (webtiles) character file.

Game seed: 1976033370230291574

2933 kae the Cleaver (level 9, -1/75 (83) HPs)
             Began as a Hill Orc Fighter on Sept 2, 2021.
             Was a Believer of Qazlal.
             Slain by Joseph (6 damage)
             ... on level 7 of the Dungeon on Sept 28, 2021.
             The game lasted 00:07:33 (7669 turns).

kae the Cleaver (Hill Orc Fighter)                  Turns: 7669, Time: 00:07:34

HP:   -1/75 (83)    AC:  9    Str: 22    XL:     9   Next: 80%
MP:   0/14          EV:  9    Int:  8    God:    Qazlal [**....]
Gold: 271           SH:  2    Dex: 14    Spells: 8/8 levels left

rFire   . . .      SeeInvis .   n - +6 executioner's axe "Saru" {freeze, Dex+4}
rCold   . . .      Faith    .   (shield currently unavailable)
rNeg    . . .      Spirit   +   b - +0 scale mail
rPois   .          Reflect  .   (no helmet)
rElec   .          Harm     .   (no cloak)
rCorr   .          Rampage  .   (no gloves)
Will    .....                   f - +1 pair of boots
Stlth   ..........              g - amulet of guardian spirit
HPRegen 0.22/turn               (no ring)
MPRegen 0.14/turn               (no ring)

@: drained
A: no striking features
a: Renounce Religion, Upheaval


You were on level 7 of the Dungeon.
You worshipped Qazlal.
Qazlal was pleased with you.
You visited 2 branches of the dungeon, and saw 8 of its levels.
You also visited: Sewer.

You collected 271 gold pieces.

Inventory:

Hand Weapons
 a - a +0 war axe
 n - the +6 executioner's axe "Saru" (weapon) {freeze, Dex+4}
   (You acquired it on level 4 of the Dungeon)

   It freezes those it strikes, dealing additional cold damage.
   It can also slow down cold-blooded creatures.
   Dex:       It affects your dexterity (+4).
Missiles
 s - a throwing net (quivered)
Armour
 b - a +0 scale mail (worn)
 c - a +0 buckler
 f - a +1 pair of boots (worn)
Jewellery
 g - an amulet of guardian spirit (around neck)
 j - an amulet of faith
 r - a ring of ice
Wands
 u - a wand of iceblast (14)
Scrolls
 d - 2 scrolls of amnesia
 h - 2 scrolls of magic mapping
 m - 4 scrolls of teleportation
 o - a scroll of fog
 t - a scroll of identify
Potions
 e - 3 potions of brilliance
 i - a potion of attraction
 k - 9 potions of flight
 l - a potion of mutation {unknown}
 p - a potion of curing {unknown}
 q - a potion of haste
 v - a potion of magic {unknown}


   Skills:
 + Level 9.1 Fighting
 * Level 12.9 Axes
 - Level 3.2 Armour
 - Level 3.2 Shields
 + Level 7.1 Invocations


You had 8 spell levels left.
You didn't know any spells.
Your spell library contained the following spells:

 Spells                   Type           Power      Damage    Failure   Level
 Sandblast                Erth           0%         2d4       75%         1
 Passwall                 Tmut/Erth      0%         N/A       86%         2
 Gell's Gravitas          Tloc           0%         N/A       98%         3
 Lesser Beckoning         Tloc           0%         N/A       98%         3
 Stone Arrow              Conj/Erth      0%         3d7       98%         3
 Teleport Other           Tloc           0%         N/A       98%         3
 Animate Armour           Summ/Erth      0%         N/A       100%        4
 Lehudib's Crystal Spear  Conj/Erth      0%         10d2      100%        8


Dungeon Overview and Level Annotations

Branches:
Dungeon (7/15)             Temple (1/1) D:4           Sewer (visited)

Altars:
Ashenzari
Cheibriados
Dithmenos
Elyvilon
Fedhas
Gozag
Hepliaklqana
Kikubaaqudgha
Makhleb
Nemelex Xobeh
Okawaru
Qazlal
Ru
Sif Muna
Trog
Uskayaw
Vehumet
Wu Jian
Xom
Yredelemnul
Zin
The Shining One

Shops:
D:1 [   D:4 *   D:5 =

Annotations:
D:5 1 runed translucent door, amoeba's ghost, amateur HuFi
D:7 Joseph


Message History

The wight is severely damaged.
The wight hits you with a +4 falchion. The wight barely misses you.
You slice the wight!!
You destroy the wight!
Qazlal accepts your kill.
Joseph unwields a +4 quarterstaff of draining.
Joseph wields a +0 hunting sling.
Joseph shoots a sling bullet.
The sling bullet barely misses you.
As you read the scroll of teleportation, it crumbles to dust.
You feel strangely unstable.
Joseph shoots a sling bullet.
The sling bullet hits you!
* * * LOW HITPOINT WARNING * * *
Your surroundings seem slightly different.
Joseph unwields a +0 hunting sling.
Joseph wields a +4 quarterstaff of draining.
You sense an unholy aura.
Joseph hits you with a +4 quarterstaff of draining.
* * * LOW HITPOINT WARNING * * *
You feel drained.
You hit Joseph. You freeze Joseph.
Joseph is lightly wounded.
Joseph barely misses you.
You closely miss Joseph.
Joseph is lightly wounded.
Joseph hits you with a +4 quarterstaff of draining.
* * * LOW HITPOINT WARNING * * *
You feel drained.
* * * LOW HITPOINT WARNING * * *
You slice Joseph!! You freeze Joseph.
Joseph is moderately wounded.
Joseph barely misses you.
Your scale mail prevents you from hitting Joseph.
Joseph is moderately wounded.
Joseph hits you with a +4 quarterstaff of draining.
* * * LOW HITPOINT WARNING * * *
You feel drained.
Joseph hits you with a +4 quarterstaff of draining!
* * * LOW HITPOINT WARNING * * *
You feel drained.
You die...

##.....####..######
####.............##
......##...(........##
......##...:.........#
.....................#
......##.....).......#
###### #...))).......#
####......$...#
##...ยง@$..#
#....@...#
#..........#
#..........#
#..........#
#..........#
#..........#
##........##


You could see Joseph.

Vanquished Creatures
  Maggie (D:7)
  A troll (D:6)
  3 yaks (D:6)
  Menkaure (D:7)
  3 ice beasts (D:6)
  A hornet zombie (D:7)
  A black bear (D:6)
  A sky beast (D:6)
  A centaur (D:6)
  2 ogres
  A bullfrog (D:7)
  5 scorpions
  4 wights (D:7)
  2 centaur skeletons (D:7)
  3 hounds
  A bullfrog skeleton (D:6)
  A merfolk siren (Sewer)
  A merfolk avatar (Sewer)
  9 gnolls
  3 howler monkey skeletons
  3 river rats
  4 adders
  A white imp (D:6)
  3 ufetubi
  An adder skeleton (D:4)
  A worm (D:4)
  2 dart slugs
  16 orcs
  6 endoplasms
  7 giant cockroaches
  3 goblins
  3 hobgoblins
  5 quokkas
  8 ball pythons
  4 bats
  10 frilled lizards
  4 kobolds
  23 rats
149 creatures vanquished.

Notes
Turn   | Place    | Note
-------+----------+-------------------------------------------
     0 | D:1      | kae the Hill Orc Fighter began the quest for the Orb.
     0 | D:1      | Reached XP level 1. HP: 19/19 MP: 1/1
     8 | D:1      | Found Padghoap's Antique Armour Emporium.
    59 | D:1      | Reached skill level 3 in Axes
   214 | D:1      | Reached XP level 2. HP: 25/27 MP: 2/2
   795 | D:2      | Reached skill level 4 in Axes
   795 | D:2      | Reached XP level 3. HP: 30/33 MP: 3/3
  1207 | D:2      | Reached XP level 4. HP: 13/41 MP: 4/4
  1459 | D:2      | Reached skill level 5 in Axes
  1640 | D:2      | Found a faded altar of an unknown god.
  2434 | D:3      | Upgraded the game from 0.28-a0-384-g9e0c098162 to
                  | 0.28-a0-556-gab23d0e057
  2531 | D:4      | Noticed a scorpion
  2531 | D:4      | Noticed a scorpion
  2537 | D:3      | Killed a scorpion
  2538 | D:3      | Reached skill level 5 in Fighting
  2538 | D:3      | Reached XP level 5. HP: 41/48 MP: 5/5
  2544 | D:4      | Reached skill level 6 in Axes
  2767 | D:4      | Found Pudojon's Gadget Gallery.
  2878 | D:4      | Found a glowing drain.
  2885 | D:4      | Reached XP level 6. HP: 56/56 MP: 6/6
  2910 | D:4      | Reached skill level 7 in Axes
  2913 | D:4      | HP: 4/84 [poisoned by a scorpion]
  2973 | Sewer    | Entered a sewer
  3750 | D:4      | Reached skill level 8 in Axes
  3750 | D:4      | Reached XP level 7. HP: 47/63 MP: 7/7
  3865 | D:4      | Identified the +8 dagger of Articulation {spect, rN+}
  3913 | D:4      | Found a staircase to the Ecumenical Temple.
  3935 | Temple   | Entered the Ecumenical Temple
  3996 | Temple   | Became a worshipper of Qazlal Stormbringer
  4038 | D:5      | Entered Level 5 of the Dungeon
  4059 | D:5      | Found Goulinu's Jewellery Emporium.
  4112 | D:5      | Reached skill level 1 in Invocations
  4311 | D:5      | Found a runed translucent door.
  4314 | D:5      | Noticed amoeba's ghost (amateur HuFi)
  4889 | D:4      | Found a burning altar of Makhleb.
  5214 | D:4      | Identified a scroll of acquirement
  5214 | D:4      | Acquired the +6 executioner's axe "Saru" {freeze, Dex+4}
  5466 | D:6      | Reached skill level 9 in Axes
  5579 | D:6      | Reached XP level 8. HP: 38/71 MP: 8/10
  5882 | D:6      | Reached * piety under Qazlal
  6197 | D:6      | Noticed a troll
  6201 | D:6      | Reached skill level 10 in Axes
  6207 | D:6      | Killed a troll
  6634 | D:6      | Noticed a yak
  6635 | D:6      | Noticed a yak
  6635 | D:6      | Noticed a yak
  6637 | D:6      | Killed a yak
  6638 | D:6      | Reached skill level 11 in Axes
  6638 | D:6      | Reached skill level 5 in Invocations
  6640 | D:6      | Killed a yak
  6641 | D:6      | Reached XP level 9. HP: 44/81 MP: 11/13
  7140 | D:7      | Noticed Menkaure
  7141 | D:7      | Noticed Maggie
  7143 | D:7      | Killed Menkaure
  7144 | D:7      | Reached skill level 12 in Axes
  7150 | D:7      | Killed Maggie
  7657 | D:7      | Reached ** piety under Qazlal
  7660 | D:7      | Noticed Joseph
  7669 | D:7      | Slain by Joseph

Illustrated notes

Levels and vault maps discovered:
D:1:      heliophobic_arrival_henge, layout_loops_ring, serial_shops, shop
D:2:      layout_loops_ring, hellmonk_ecumenical_altar_run_dry
D:3:      layout_basic, eino_tiny_chamber
D:4:      layout_loops_ring, lightli_temple_of_fire,
          minmay_temple_entry_overgrown, cheibrodos_sewer_entry_sluice,
          nicolae_shop_gadgets
D:5:      layout_rooms, serial_shops, shop, ebering_ghost_reflecting_pool
D:6:      layout_loops_cross, lemuel_old_faithful
D:7:      layout_rooms, hellmonk_bongcloud_opening, uniq_maggie, uniq_menkaure,
          uniq_joseph
Temple:   grunt_wide_crystal_templ

Skill      XL: |  1  2  3  4  5  6  7  8  9 |
---------------+----------------------------+-----
Axes           | 3 4 5 6 8 9 11 12 | 12.9
Fighting       | 4 5 6 8 9 |  9.1
Invocations    | 3 5 7 |  7.1
Armour         | |  3.2
Shields        | |  3.2

Action                   |  1- 3 |  4- 6 |  7- 9 || total
-------------------------+-------+-------+-------++-------
Melee: War axe           |    67 |   193 |    53 ||   313
       Executioner's axe |       |       |    98 ||    98
  Use: Scroll            |     2 |     8 |     5 ||    15
       Potion            |       |     2 |       ||     2
Armor: Scale mail        |    40 |    60 |    68 ||   168
       Skin              |       |     3 |       ||     3
Dodge: Dodged            |    33 |    63 |    82 ||   178
Block: Buckler           |    16 |    38 |    13 ||    67
       Other             |       |       |     2 ||     2

Table legend: (Time is in decaauts)
 A = Elapsed time spent in this place.
 B = Non-inter-level travel time spent in this place.
 C = Inter-level travel time spent in this place.
 D = Time resting spent in this place.
 E = Time spent auto-exploring this place.
 F = Levels seen in this place.
 G = Mean time per level.
                   A        B        C        D        E       F      G
               +--------+--------+--------+--------+--------+-----+--------+
         Total |   7824 |   7505 |    319 |   1765 |   4575 |   9 |  869.3 |
       Dungeon |   6924 |   6614 |    310 |   1471 |   4274 |   7 |  989.1 |
        Temple |     70 |     62 |      8 |      0 |     37 |   1 |   70.0 |
         Sewer |    829 |    829 |      0 |    294 |    264 |   1 |  829.0 |
               +--------+--------+--------+--------+--------+-----+--------+

Top non-repeatable levels by time:
     D:6: 1749 daAuts
     D:4: 1436 daAuts
     D:1: 1411 daAuts
   Sewer: 829 daAuts
     D:5: 629 daAuts
     D:3: 586 daAuts
     D:2: 569 daAuts
     D:7: 542 daAuts
  Temple: 70 daAuts
